Description

I made this for myself to incorporate more Zerg fundamental mechanics into the classic roach timing attack build order. If expect the all-in to fail. Pivot into Hydralisks.

Build Order

Get SALT Encoding   

  13  0:12  Overlord  
  16  0:48  Hatchery  
  18  1:10  Extractor  
  17  1:14  Spawning Pool  
  20  1:53  Overlord  
  20  2:01  Queen x2  
  20  2:02  Zergling x4  2 Pairs of Zerglings
  22  2:11  Metabolic Boost  
  32  2:43  Overlord  
  32  2:48  Lair  
  34  3:06  Extractor x2  
  36  3:14  Roach Warren  
  35  3:16  Overlord  
  35  3:18  Evolution Chamber  
  40  3:25  Spore Crawler x2  
  42  3:40  Zerg Missile Weapons Level 1  
  42  3:55  Glial Reconstitution  
  42  4:05  Hatchery  
  47  4:15  Roach x7  
Spawning Tool Build Advisor. Get it on Overwolf

Go to:

Details

  • Created by: Emerald3ME
  • Published on: Oct 20, 2023
  • Modified on: Oct 20, 2023
  • Patch: 5.0.11
  • Difficulty: Medium
Show
View Real Time Build Order
Export as new Build Order

Comments (0)

There are no comments. Be the first!

Create an account to comment!